Map: Pillars of Gold LE

Players

AGOElazer (Elazer)

  • Race: Zerg Zerg
  • Spawn Location: 7:00

Reynor - Winner!

  • Race: Zerg Zerg
  • League: Master
  • Spawn Location: 1:00

Event: DreamHack SC2 Masters 2020 Winter

VOD

Have the link to the VOD?

Description

Time

  • Played on: Nov. 6, 2020, 2:26 p.m.
  • Length: 9:17

All games in this series

Show
View Real Time Build Order
Export as new Build Order

AGOElazer Zerg 

Build Orders: Hatch First 

Get SALT Encoding   

  12  0:00  Drone  
  13  0:12  Overlord  
  13  0:17  Drone  
  14  0:30  Drone x2  
  16  0:50  Hatchery  
  16  0:52  Drone  
  16  0:56  Drone  
  17  1:00  Drone  
  18  1:10  Extractor  
  17  1:15  Spawning Pool  
  16  1:18  Drone  
  16  1:22  Drone  
  18  1:28  Drone  
  19  1:39  Drone  
  20  1:49  Drone  
  21  2:02  Drone, Queen x2  
  21  2:03  Overlord  
  26  2:11  Metabolic Boost  
  26  2:13  Drone  
  26  2:15  Drone  
  28  2:25  Zergling x2  
  28  2:27  Zergling x2  
  30  2:33  Drone  
  30  2:34  Drone  
  32  2:44  Drone  
  32  2:45  Drone  
  34  2:52  Hatchery  
  34  2:54  Overlord  
  34  2:56  Drone  
  34  2:59  Queen  
  36  3:12  Zergling x10  
  41  3:14  Zergling x2  
  42  3:21  Drone  
  42  3:22  Drone, Overlord  
  44  3:27  Roach Warren  
  44  3:33  Drone  
  44  3:37  Evolution Chamber  
  43  3:43  Zergling x10  
  43  3:47  Zergling x4  
  50  3:55  Zergling x2  
  51  3:58  Overlord  
  50  4:08  Overlord  
  50  4:09  Zerg Ground Armor Level 1  
  46  4:11  Drone x4  
  46  4:16  Drone x2  
  48  4:24  Roach x2  
  48  4:27  Roach  
  48  4:30  Roach  
  56  4:34  Roach x2  
  60  4:38  Zergling x2  
  60  4:39  Zergling x4  
  60  4:43  Roach  
  63  4:47  Roach  
  63  4:48  Overlord  
  63  4:51  Zergling x4  
  62  5:00  Zergling x2  
  62  5:01  Roach, Zergling x6  
  62  5:06  Zergling x8  
  60  5:09  Zergling x2  
  58  5:16  Queen  
  58  5:17  Queen  
  62  5:23  Roach x2  
  62  5:26  Drone, Extractor  
  66  5:32  Drone x4  
  70  5:37  Overlord  
  70  5:41  Overlord  
  70  5:45  Overlord  
  70  5:55  Overlord  
  66  5:59  Roach x3  
  66  6:02  Queen  
  74  6:05  Roach x2  
  74  6:07  Overlord  
  74  6:10  Zergling x4  
  80  6:16  Extractor  
  79  6:24  Ravager  
  77  6:27  Drone x4  
  77  6:28  Drone  
  80  6:33  Drone x5  
  80  6:34  Drone  
  80  6:36  Zerg Missile Weapons Level 1  
  86  6:42  Overlord  
  86  6:43  Drone  
  86  6:44  Drone  
  88  6:47  Overlord  
  88  6:49  Overlord  
  88  6:56  Lair  
  88  6:57  Overlord  
  88  6:59  Drone  
  88  7:01  Drone  
  90  7:06  Overlord  
  90  7:08  Drone x5  
  95  7:10  Drone  
  95  7:11  Drone x2  
  95  7:13  Drone  
  99  7:18  Drone x2  
  99  7:22  Overlord  
  101  7:25  Roach  
  101  7:29  Roach  
  105  7:38  Roach x2  
  105  7:40  Extractor, Spine Crawler  
  105  7:41  Roach x6  
  105  7:43  Ravager  
  117  7:44  Roach  
  117  7:45  Roach  
  117  7:50  Roach  
  120  7:57  Roach x2  
  108  8:02  Roach x4  
  108  8:04  Queen x2, Roach  
  106  8:08  Roach  
  106  8:10  Roach x2  
  99  8:15  Roach  
  99  8:17  Roach, Zergling x2  
  88  8:23  Roach x2  
  88  8:24  Zergling x2  
  80  8:27  Zergling x2  
  80  8:29  Roach  
  80  8:33  Roach  
  78  8:37  Roach  
  72  8:42  Roach  
  72  8:47  Roach  
  68  8:53  Roach  
  57  8:58  Roach  
Show
View Real Time Build Order
Export as new Build Order

Reynor Zerg - Winner!

Build Orders: Hatch First 

Get SALT Encoding   

  12  0:00  Drone  
  13  0:12  Overlord  
  13  0:17  Drone  
  14  0:31  Drone x2  
  16  0:50  Hatchery  
  16  0:53  Drone  
  16  0:56  Drone  
  17  1:00  Drone  
  18  1:10  Extractor  
  17  1:16  Spawning Pool  
  16  1:19  Drone  
  16  1:22  Drone  
  18  1:28  Drone  
  19  1:39  Drone  
  20  1:49  Drone  
  21  2:00  Overlord  
  21  2:02  Queen x2  
  21  2:03  Zergling x2  
  26  2:13  Drone  
  26  2:15  Drone  
  28  2:22  Drone  
  29  2:23  Drone  
  30  2:37  Hatchery  
  30  2:41  Drone  
  30  2:43  Drone  
  31  2:45  Drone  
  31  2:46  Drone  
  31  2:51  Metabolic Boost  
  33  2:54  Overlord  
  33  2:58  Drone  
  34  3:01  Baneling Nest  
  33  3:06  Queen  
  33  3:08  Zergling x2  
  36  3:14  Zergling x4  
  36  3:15  Drone  
  36  3:17  Drone  
  36  3:19  Zergling x2  
  41  3:25  Evolution Chamber, Zergling x2  
  41  3:31  Overlord  
  41  3:33  Drone  
  42  3:35  Zergling x4  
  44  3:44  Baneling x3  
  44  3:46  Overlord  
  44  3:49  Zergling x6  
  45  3:55  Zergling x6  
  45  4:00  Zergling x2  
  45  4:01  Zerg Melee Weapons Level 1  
  47  4:10  Baneling, Zergling x4  
  47  4:12  Zergling x2  
  47  4:13  Queen  
  47  4:16  Zergling x2  
  52  4:19  Zergling x4  
  52  4:21  Zergling x2  
  54  4:24  Zergling x2  
  54  4:26  Zergling x2  
  54  4:27  Zergling x2  
  57  4:32  Zergling x4  
  57  4:33  Baneling x2  
  57  4:35  Drone  
  60  4:40  Zergling x4  
  60  4:41  Zergling x2  
  60  4:43  Drone  
  60  4:45  Baneling  
  64  4:47  Zergling x2  
  64  4:52  Overlord  
  64  4:55  Zergling x2  
  64  4:57  Zergling x4  
  55  5:08  Zergling x6  
  55  5:09  Zergling x4  
  55  5:10  Zergling x2  
  54  5:14  Drone  
  54  5:16  Extractor  
  55  5:21  Drone x2  
  55  5:25  Drone  
  57  5:28  Drone  
  57  5:31  Baneling x2  
  57  5:32  Drone  
  59  5:37  Drone  
  59  5:38  Extractor, Roach Warren  
  59  5:40  Drone  
  59  5:42  Drone  
  60  5:44  Drone x2  
  60  5:45  Drone  
  60  5:47  Drone x3  
  60  5:49  Overlord  
  66  5:54  Drone  
  66  5:59  Overlord  
  66  6:00  Drone  
  67  6:05  Drone x2  
  67  6:07  Lair  
  69  6:15  Overlord  
  69  6:22  Roach x3  
  69  6:23  Roach x3  
  78  6:27  Roach x2  
  78  6:31  Roach x2  
  79  6:34  Zergling x2, Roach  
  79  6:37  Roach  
  79  6:39  Roach  
  87  6:40  Zergling x2  
  87  6:42  Baneling x2  
  87  6:43  Roach  
  87  6:44  Zergling x2  
  90  6:47  Baneling x3  
  90  6:48  Zergling x2  
  90  6:53  Overlord  
  91  6:55  Roach, Zergling x4  
  91  6:57  Zergling x2  
  97  7:01  Zergling x2  
  97  7:07  Overlord  
  97  7:08  Glial Reconstitution  
  97  7:11  Zergling x2  
  97  7:12  Zergling x10  
  103  7:16  Zergling x4  
  103  7:17  Overlord  
  103  7:22  Zerg Missile Weapons Level 1  
  105  7:25  Overlord  
  105  7:27  Zergling x6  
  108  7:32  Zergling x8  
  108  7:36  Zergling x2  
  108  7:37  Zergling x2  
  111  7:39  Ravager x2  
  111  7:40  Zergling x2  
  114  7:44  Zergling x2  
  114  7:45  Zergling x8  
  114  7:49  Zergling x2  
  114  7:50  Zergling x4  
  119  7:55  Zergling x6  
  113  8:05  Zergling x2  
  108  8:07  Zergling x4  
  108  8:10  Roach  
  108  8:11  Zergling x10  
  112  8:13  Zergling x6  
  112  8:17  Zergling x2  
  112  8:18  Zergling x4  
  112  8:21  Extractor  
  112  8:23  Spire  
  105  8:28  Zergling x4  
  105  8:29  Drone  
  105  8:31  Extractor  
  98  8:41  Zergling x12  
  98  8:42  Zergling x4  
  93  8:49  Roach x2, Zergling x2  
  93  8:52  Roach  
  93  8:53  Drone x2  
  90  8:56  Extractor  
Tags
 
Add a new tag
Caveats
  • Supply blocks, unpowered buildings, or Contaminate may cause inaccurate times.
  • Supply counts are checked every 10 seconds.